 Dungeon Crawl Stone Soup version 0.30.1-4-g462c640d31 (webtiles) character file.

Game seed: 13482714711863419472

581 safid the Chiller (level 7, -2/55 HPs)
             Began as a Merfolk Ice Elementalist on Sept 1, 2023.
             Slain by Pikel
             ... wielding a +2 whip of flaming
              (6 damage)
             ... on level 5 of the Dungeon.
             The game lasted 00:06:11 (4205 turns).

safid the Chiller (Merfolk Ice Elementalist)        Turns: 4205, Time: 00:06:12

Health: -2/55      AC: 12    Str:  8    XL:     7   Next: 36%
Magic:  4/13       EV: 12    Int: 17    God:
Gold:   157        SH:  0    Dex: 14    Spells: 7/14 levels left

rFire   . . .        d - +0 dagger
rCold   . . .        (no shield)
rNeg    . . .        a - +0 robe
rPois   .            q - +2 helmet
rElec   .            (no cloak)
rCorr   .            (no gloves)
SInv    .            (no boots)
Will    .....        (no amulet)
Stlth   ++           (no ring)
HPRegen 0.29/turn    (no ring)
MPRegen 0.13/turn

%: no passive effects
@: brilliant, ice-armoured, freezing walls, invisible
A: (nimble swimmer 2), mertail
a: no special abilities


You were on level 5 of the Dungeon.
You visited 2 branches of the dungeon, and saw 6 of its levels.

You collected 157 gold pieces.

Inventory:

Hand Weapons
 d - a +0 dagger (weapon)
Missiles
 j - a throwing net
Armour
 a - a +0 robe (worn)
 q - a +2 helmet (worn)
Jewellery
 v - a ring of flight
Scrolls
 e - 8 scrolls of teleportation {unknown}
 f - 2 scrolls of enchant armour {unknown}
 h - a scroll of fog {unknown}
 i - a scroll of amnesia {unknown}
 l - a scroll of immolation {unknown}
 m - 2 scrolls of blinking {unknown}
 o - 2 scrolls of identify {unknown}
 t - a scroll of magic mapping {unknown}
 w - a scroll of brand weapon {unknown}
Potions
 b - 2 potions of magic
 c - 3 potions of brilliance
 g - a potion of degeneration {unknown}
 k - a potion of heal wounds {unknown}
 n - a potion of might {unknown}
 p - a potion of mutation {unknown}
 s - a potion of flight {unknown}
 u - a potion of haste
 x - a potion of attraction {unknown}


   Skills:
 + Level 4.6 Fighting
 - Level 2.6 Dodging
 - Level 2.1 Stealth
 + Level 4.4 Spellcasting
 + Level 6.5 Ice Magic


You had 7 spell levels left.
You knew the following spells:

 Your Spells              Type           Power      Damage    Failure   Level
a - Freeze                Ice            100%       1d10      1%          1
b - Frozen Ramparts       Ice            78%        1d12      3%          3
c - Ozocubu's Armour      Ice            39%        N/A       3%          3

Your spell library contained the following spells:

 Spells                   Type           Power      Damage    Failure   Level
 Summon Ice Beast         Ice/Summ       22%        N/A       36%         4
 Inner Flame              Hex/Fire       5%         N/A       41%         3
 Yara's Violent Unravell  Hex/Tmut       2%         3d3       99%         5
 Enfeeble                 Hex            2%         N/A       100%        7


Dungeon Overview and Level Annotations

Branches:
Dungeon (5/15)             Temple (1/1) D:5

Altars:
Ashenzari
Dithmenos
Fedhas
Hepliaklqana
Makhleb
Qazlal
Wu Jian
Xom
Yredelemnul

Shops:
D:3 [   D:4 :

Annotations:
D:5 Pikel


Innate Abilities, Weirdness & Mutations

((You are very nimble when in or above water. (Stealth+, EV+, Speed+++)))
Your lower body shifts to a powerful aquatic tail in water.


Message History

The wall freezes the lemure!
The lemure barely misses you.
The wall freezes the lemure. x2
You kill the lemure!
That felt strangely unrewarding.
The wall freezes Pikel but does no damage.
Pikel hits you with a +2 whip of flaming!
* * * LOW HITPOINT WARNING * * *
Pikel burns you.
* * * LOW HITPOINT WARNING * * *
The heat melts your icy armour.
Casting: Freeze (safe; 1% risk of failure)
Confirm with . or Enter, or press ? or * to list all spells.
Aiming: Freeze (safe; 1% risk of failure)
Press: ? - help, Shift-Dir - straight line, f/p - lemure
Aim: a lemure (almost dead)
You freeze the lemure!
You kill the lemure!
That felt strangely unrewarding.
The wall freezes Pikel but does no damage.
Pikel hits you with a +2 whip of flaming.
* * * LOW HITPOINT WARNING * * *
Pikel burns you.
* * * LOW HITPOINT WARNING * * *
The wall freezes the lemure!
The wall freezes Pikel but does no damage.
Pikel completely misses you. The heat melts your icy armour.
It was a potion of brilliance.
You feel clever all of a sudden.
The wall freezes the lemure.
The wall freezes Pikel.
Pikel hits you with a +2 whip of flaming.
* * * LOW HITPOINT WARNING * * *
Pikel burns you.
* * * LOW HITPOINT WARNING * * *
The heat melts your icy armour.
It was a potion of invisibility.
You fade into invisibility!
The wall freezes Pikel.
Pikel hits you with a +2 whip of flaming.
You die...

........)#.#########
##........## ##......#.#
........#.#
##...###...####### .5
#...............# .
#...#.#....#.##.# 5
#.#.#.#.##.#....# .# #
#.#...........#@# #$#.#
.#)...##.#.#.#.#K##....#
.o..#....#.#.#..55...###
.#..#..................#
#....#.#.>.#.##?#..##.#
#.##.#.#...#.......#
#........#....#.##....#
#...#.##.#.##.#.# ##..#
....#...........# ..#


You could see Pikel (fast, unable to see you) and 2 lemures.

Vanquished Creatures
  Sigmund (D:3)
  An ogre (D:4)
  2 lemures (D:5)
  A howler monkey (D:3)
  An orc priest (D:3)
  A hound (D:4)
  An iguana (D:5)
  An orc wizard (D:5)
  3 gnolls (D:2)
  5 adders
  A shadow imp (D:4)
  2 worms
  4 dart slugs
  13 orcs
  5 ball pythons
  2 bats
  2 endoplasms
  3 giant cockroaches
  3 goblins
  5 hobgoblins
  3 jackals (D:1)
  4 quokkas
  4 frilled lizards
  5 kobolds
  2 rats
75 creatures vanquished.

Notes
Turn   | Place    | Note
-------+----------+-------------------------------------------
     0 | D:1      | safid the Merfolk Ice Elementalist began the quest for the
                  | Orb.
     0 | D:1      | Reached XP level 1. HP: 13/13 MP: 3/3
    77 | D:1      | Found a faded altar of an unknown god.
   368 | D:1      | Reached XP level 2. HP: 9/20 MP: 1/5
   378 | D:1      | Reached skill level 1 in Fighting
   379 | D:1      | HP: 1/21 [jackal (3)]
   387 | D:1      | HP: 1/21 [jackal (2)]
  1229 | D:2      | Reached XP level 3. HP: 19/26 MP: 6/6
  1237 | D:2      | Learned a level 3 spell: Frozen Ramparts
  1433 | D:2      | Reached skill level 5 in Ice Magic
  1495 | D:2      | Reached XP level 4. HP: 29/33 MP: 5/8
  1501 | D:2      | Learned a level 3 spell: Ozocubu's Armour
  2052 | D:3      | Reached XP level 5. HP: 28/39 MP: 9/9
  2118 | D:3      | Noticed Sigmund
  2140 | D:3      | Killed Sigmund
  2141 | D:3      | Reached XP level 6. HP: 34/47 MP: 2/11
  2315 | D:3      | Found Imumu's Armour Shop.
  2333 | D:3      | Reached skill level 6 in Ice Magic
  2888 | D:4      | Found Caqoiruje's Book Emporium.
  3175 | D:4      | Reached XP level 7. HP: 31/55 MP: 1/13
  3784 | D:5      | Entered Level 5 of the Dungeon
  4042 | D:5      | Found a staircase to the Ecumenical Temple.
  4054 | Temple   | Entered the Ecumenical Temple
  4183 | D:5      | Noticed Pikel
  4205 | D:5      | Slain by Pikel

Illustrated notes

Levels and vault maps discovered:
D:1:      minmay_arrival_solitary_statue, layout_basic,
          dreamdust_ecumenical_altar_grove, serial_bayou_pond_d
D:2:      layout_rooms
D:3:      layout_loops_ring, serial_shops, nicolae_shop_tiny_glass,
          grunt_decor_junction, uniq_sigmund
D:4:      nicolae_cairo_tiling_large_dashed, layout_loops_ring, serial_shops,
          shop, amcnicky_mini_corridor_feature
D:5:      layout_loops_cross, grunt_temple_overflow_gold_and_silver,
          minmay_temple_entry_ruins, biasface_ghost_orc_armoury, uniq_pikel
Temple:   nicolae_temple_figure_zero

Skill      XL: |  1  2  3  4  5  6 |
---------------+-------------------+-----
Fighting       | 1 2 3 4 |  4.6
Ice Magic      | 5 6 |  6.5
Spellcasting   | 3 4 |  4.4
Dodging        | |  2.6
Stealth        | |  2.1

Action                     |  1- 3 |  4- 6 |  7- 9 || total
---------------------------+-------+-------+-------++-------
  Melee: Unarmed           |     2 |       |       ||     2
         Dagger            |    44 |    65 |    31 ||   140
         Punch             |     2 |       |     1 ||     3
   Cast: Freeze            |    38 |    39 |     6 ||    83
         Frozen Ramparts   |       |     7 |     5 ||    12
         Ozocubu's Armour  |       |     3 |     3 ||     6
    Use: Potion            |       |       |     2 ||     2
 Armour: Robe              |    22 |    20 |     7 ||    49
  Dodge: Dodged            |    57 |    72 |    19 ||   148
